[Event "Late-Titled-Tuesday-Blitz-September-05-2023"]
[Site "Chess.com"]
[Date "2023.09.05"]
[Round "1"]
[White "GM_dmitrij"]
[Black "2346PL"]
[Result "1-0"]
[WhiteElo "3027"]
[BlackElo "2492"]
[TimeControl "180+1"]
[EndTime "14:06:03 PDT"]
[Termination "GM_dmitrij won on time"]

1. Nf3 d6 2. d4 f5 3. Nc3 Nf6 4.
Bg5 g6 5. Bxf6 exf6 6. e3 Bg7 7. h4 h5 8. Bd3 d5 9. Ne2 c6 10. Nf4 Kf7 11. c4 Bh6 12. g3 Bxf4 13. gxf4 Be6 14.
Qb3 Qb6 15. Qc3 Nd7 16. c5 Qc7 17. b4 Rhc8 18. Ke2 Re8 19. Rhb1 Kg7 20. b5 Bf7 21. Kf1 Nf8 22. a4 Ne6 23. Qd2 Kh8 24. a5 a6 25.
bxa6 bxa6 26. Rb6 g5 27. hxg5 fxg5 28. fxg5 Rg8 29. Ne5 Be8 30. f4 Nxg5 31. fxg5 Rxg5 32. Qh2 Qg7 33. Rab1 Rg3 34. Kf2 f4 35. exf4 Rxd3 36. Nxd3 Qxd4+ 37. Ke2 Bg6 38. Rb8+ Kh7 39. Qg3 Qe4+ 40.
Kd2 Rxb8 41. Rxb8 1-0

[Event "Late-Titled-Tuesday-Blitz-September-05-2023"]
[Site "Chess.com"]
[Date "2023.09.05"]
[Round "1"]
[White "temus_galaktionov"]
[Black "kacprekt"]
[Result "1-0"]
[WhiteElo "2820"]
[BlackElo "2435"]
[TimeControl "180+1"]
[EndTime "14:06:06 PDT"]
[Termination "temus_galaktionov won by resignation"]

1. d4 Nf6 2. Nf3 d5 3. c4 e6 4. Nc3 c5 5. cxd5 Nxd5 6. e4 Nxc3 7. bxc3 cxd4 8. cxd4 Bb4+ 9. Bd2 Bxd2+ 10. Qxd2 O-O 11. Bd3 Nc6 12. Qc3 Bd7 13. O-O Rc8 14. Qb2 b6 15.
Rac1 Qe7 16. Ba6 Rb8 17. Rfd1 Nb4 18. Bf1 Rfc8 19. a3 Nc6 20. d5 exd5 21. exd5 Na5 22. d6 Qd8 23. Ba6 Rxc1 24. Qxc1 Bg4 25. Qf4 Bxf3 26. Qxf3 Qd7 27. Qd5 Rd8 28. h3 Kf8 29.
Bb5 Qe6 30. Qd3 Nb7 31. d7 g6 32. Qc3 Nd6 33. Re1 Nxb5 34. Qh8+ Ke7 35. Rxe6+ fxe6 36. Qxh7+ Kd6 37. a4 Nc7 38. Qxg6 Rxd7 39. h4 a6 40. h5 b5 41. axb5 axb5 42. h6 1-0

[Event "Late-Titled-Tuesday-Blitz-September-05-2023"]
[Site "Chess.com"]
[Date "2023.09.05"]
[Round "1"]
[White "korason34"]
[Black "TC2304"]
[Result "1-0"]
[WhiteElo "2664"]
[BlackElo "2351"]
[TimeControl "180+1"]
[EndTime "14:06:06 PDT"]
[Termination "korason34 won by resignation"]

1. c4 c6 2. e4 d5 3. exd5 cxd5 4. d4 Nf6 5. Nc3 g6 6. Nf3 Bg7 7. Bg5 Ne4 8. cxd5 Nxc3 9. bxc3 Qxd5 10. Be2 Bg4 11. Qd2 O-O 12. O-O Nc6 13. h3 Bf5 14.
c4 Qe4 15. Rad1 Rfd8 16. d5 Ne5 17. Nxe5 Qxe5 18. Rfe1 Qd6 19. Bf3 f6 20. Bf4 Qd7 21. c5 g5 22. Bg3 Rac8 23. Qb4 Bf8 24. c6 bxc6 25. dxc6 Qe8 26. Rxd8 Qxd8 27. c7 Qd7 28. Rd1 Qe8 29. Bb7 e5 30. Qc3 Qa4 31. Rd8 1-0

[Event "Late-Titled-Tuesday-Blitz-September-05-2023"]
[Site "Chess.com"]
[Date "2023.09.05"]
[Round "1"]
[White "BigAl"]
[Black "stregachess"]
[Result "1-0"]
[WhiteElo "2525"]
[BlackElo "2090"]
[TimeControl "180+1"]
[EndTime "14:06:07 PDT"]
[Termination "BigAl won on time"]

1. Nf3 c5 2. e4 d6 3. d3 g6 4. g3 Bg7 5. Bg2 Nc6 6. O-O Bd7 7. c3 e6 8. d4 cxd4 9. cxd4 Nge7 10. Nc3 O-O 11.
Re1 a6 12. h3 Rc8 13. Bf4 e5 14. Be3 b5 15. Rc1 h6 16. Qd2 Kh7 17. Red1 Na5 18. b3 Bc6 19. dxe5 dxe5 20. Qxd8 Rfxd8 21. Rxd8 Rxd8 22. Bb6 Nb7 23. Bxd8 Nxd8 24. Rd1 Ne6 25. Rd6 Nd4 26.
Nd5 Bxd5 27. exd5 a5 28. Rd7 Nef5 29. Rxf7 Kg8 30. Ra7 Ne2+ 31. Kf1 Nc3 32. Rxa5 Nxd5 33. Rxb5 Nc3 34. Rb8+ Kf7 35. a4 e4 36. Nh4 Nd4 37. a5 Ncb5 38. Bxe4 Be5 39. Rb7+ 1-0

[Event "Late-Titled-Tuesday-Blitz-September-05-2023"]
[Site "Chess.com"]
[Date "2023.09.05"]
[Round "1"]
[White "MelihKaanCan"]
[Black "GrigorGrigorov"]
[Result "0-1"]
[WhiteElo "2445"]
[BlackElo "2871"]
[TimeControl "180+1"]
[EndTime "14:06:08 PDT"]
[Termination "GrigorGrigorov won by resignation"]

1. e4 c6 2. d4 d5 3. exd5 cxd5 4.
Bd3 Nf6 5. h3 g6 6. Nf3 Nc6 7.
c3 Bf5 8. Ne5 Bxd3 9. Nxd3 Bg7 10.
Bf4 O-O 11. Nd2 Nd7 12. O-O e5 13. dxe5 Ndxe5 14. Nxe5 Nxe5 15. Bxe5 Bxe5 16. Nf3 Bf6 17. Qb3 Qd7 18. Rad1 Rad8 19. Rd3 Rfe8 20. Rfd1 Qc6 21.
Rxd5 Rxd5 22. Qxd5 Qb6 23. Qb3 Qc6 24. Re1 Rd8 25. Qc2 Kg7 26. Qe4 Qb6 27. Qe2 Rd7 28. Qc2 Qa5 29. b4 Qb5 30. Qb3 Rd3 31. Re3 Rxe3 32.
fxe3 Qd3 33. c4 Bc3 34. Kf2 h6 35. a3 a6 36. c5 Be1+ 0-1

[Event "Late-Titled-Tuesday-Blitz-September-05-2023"]
[Site "Chess.com"]
[Date "2023.09.05"]
[Round "1"]
[White "Nekoo04"]
[Black "djano"]
[Result "0-1"]
[WhiteElo "2318"]
[BlackElo "2622"]
[TimeControl "180+1"]
[EndTime "14:06:08 PDT"]
[Termination "djano won by resignation"]

1. d4 d5 2. c4 e6 3. Nf3 c5 4. cxd5 exd5 5. g3 Nc6 6. Bg2 Nf6 7. Nc3 Be7 8. O-O c4 9. Ne5 O-O 10. Bg5 Be6 11. e3 Re8 12. f4 h6 13. Bxf6 Bxf6 14. Qf3 Bxe5 15. dxe5 Qb6 16. f5 Nxe5 17. Qe2 Bd7 18.
Nxd5 Qc5 19. Rad1 Nd3 20. Kh1 Bc6 21. Rxd3 cxd3 22. Qxd3 Bb5 23. Qd2 Bxf1 24. Bxf1 Rad8 25. Bg2 b6 26. f6 Rxd5 27. Bxd5 Qxe3 28. Qxe3 Rxe3 29. fxg7 Re1+ 30. Kg2 Re2+ 31. Kf3 Rxb2 0-1

[Event "Late-Titled-Tuesday-Blitz-September-05-2023"]
[Site "Chess.com"]
[Date "2023.09.05"]
[Round "1"]
[White "MustafayevFarid2004"]
[Black "CFalcons8"]
[Result "1-0"]
[WhiteElo "2616"]
[BlackElo "2315"]
[TimeControl "180+1"]
[EndTime "14:06:08 PDT"]
[Termination "MustafayevFarid2004 won on time"]

1. d4 Nf6 2. Nf3 e6 3. g3 d5 4. Bg2 c5 5. O-O Nc6 6. b3 Bd6 7. Bb2 O-O 8. Nbd2 b6 9. c4 cxd4 10. Nxd4 Nxd4 11. Bxd4 e5 12. Bb2 Bb7 13. cxd5 Bxd5 14.
Bxd5 Nxd5 15. Nc4 Bc5 16. Nxe5 f6 17. Nd3 Bd6 18. Rc1 Qd7 19. e4 Nc7 20. e5 fxe5 21. Nxe5 Qe6 22. Rc6 Rad8 23. Nc4 Bc5 24. Rxe6 Rxd1 25.
Re2 Rxf1+ 26. Kxf1 Nd5 27. Kg2 Nb4 28. Ba3 Kf7 29.
Bxb4 Bxb4 30. a3 Bc5 31. b4 Bd4 32. Rd2 Bf6 33. Rd7+ Ke6 34. Rxa7 b5 35. Ra6+ Kd5 36. Ne3+ Ke4 37. Rb6 1-0

[Event "Late-Titled-Tuesday-Blitz-September-05-2023"]
[Site "Chess.com"]
[Date "2023.09.05"]
[Round "1"]
[White "Bobbybunny"]
[Black "Triumphmate"]
[Result "0-1"]
[WhiteElo "2196"]
[BlackElo "2543"]
[TimeControl "180+1"]
[EndTime "14:06:08 PDT"]
[Termination "Triumphmate won by resignation"]

1. e4 d5 2. exd5 Nf6 3. d4 Bg4 4. Bb5+ c6 5. dxc6 Nxc6 6. Nf3 e6 7. O-O Be7 8. c3 O-O 9. Bxc6 bxc6 10. Bg5 h6 11.
Bh4 Qb6 12. b4 a5 13. bxa5 Qb2 14. Nbd2 Qxc3 15. Rc1 Qxa5 16. Nc4 Qh5 17. Nce5 Rxa2 18. Nxc6 Bd6 19. Bg3 Bxg3 20. fxg3 Qd5 21. Nce5 Bh5 22. h3 Bxf3 23. Nxf3 Rd8 24. Qd3 Ne4 25. g4 Ng5 26.
Rcd1 e5 27. Qe3 exd4 28. Rxd4 Nxf3+ 0-1

[Event "Late-Titled-Tuesday-Blitz-September-05-2023"]
[Site "Chess.com"]
[Date "2023.09.05"]
[Round "1"]
[White "Korchmar_Vasiliy"]
[Black "kinga2008"]
[Result "1-0"]
[WhiteElo "2716"]
[BlackElo "2400"]
[TimeControl "180+1"]
[EndTime "14:06:11 PDT"]
[Termination "Korchmar_Vasiliy won by resignation"]

1. e4 g6 2. d4 Bg7 3. c3 c6 4. Bd3 d5 5. e5 c5 6. Ne2 Nc6 7. O-O Bg4 8. f3 Bf5 9. Bxf5 gxf5 10.
Ng3 e6 11. Nh5 Bf8 12. Be3 Be7 13. Na3 Bg5 14. f4 Bh6 15. Nb5 Bf8 16. dxc5 Qa5 17. Nd6+ Bxd6 18. cxd6 O-O-O 19. a4 Qa6 20. a5 f6 21. Bd4 fxe5 22. fxe5 Nh6 23. Nf6 Nf7 24.
Re1 Kb8 25. b4 Qc4 26. Qe2 Nxd4 27. Qxc4 dxc4 28. cxd4 h5 29. Rac1 Rh6 30. d5 Nxd6 31. exd6 Rxf6 32. dxe6 Kc8 33. d7+ Kc7 34. Rxc4+ Kd6 35. e7 1-0

[Event "Late-Titled-Tuesday-Blitz-September-05-2023"]
[Site "Chess.com"]
[Date "2023.09.05"]
[Round "1"]
[White "szachmistrz2500"]
[Black "jcibarra"]
[Result "0-1"]
[WhiteElo "2474"]
[BlackElo "2915"]
[TimeControl "180+1"]
[EndTime "14:06:12 PDT"]
[Termination "jcibarra won by resignation"]

1. Nf3 d6 2. g3 Nf6 3. Bg2 g6 4. O-O Bg7 5. d3 O-O 6. e4 c5 7. Re1 Nc6 8. Nbd2 e5 9. c3 d5 10. Qe2 Re8 11. a3 a5 12. a4 b6 13. exd5 Nxd5 14.
Nc4 Bf5 15. Bg5 f6 16. Bc1 Ra7 17. Nh4 Be6 18. Bd2 Rd7 19. Rad1 g5 20. Nf3 Bf5 21.
Bc1 Bg4 22. h3 Bh5 23. g4 Bg6 24. Nh2 Nf4 25. Bxf4 exf4 26. Qf3 Ne5 27. Nxe5 fxe5 28. Bf1 c4 29. dxc4 e4 30. Qe2 f3 31. Qc2 Be5 32. c5 Rxd1 33. Bc4+ Rd5 34. Qb3 Bf7 35. cxb6 Rd7 36.
Rxe4 Bxh2+ 37. Kxh2 Rxe4 0-1

[Event "Late-Titled-Tuesday-Blitz-September-05-2023"]
[Site "Chess.com"]
[Date "2023.09.05"]
[Round "1"]
[White "Chemim21"]
[Black "tteshan"]
[Result "0-1"]
[WhiteElo "2272"]
[BlackElo "2573"]
[TimeControl "180+1"]
[EndTime "14:06:15 PDT"]
[Termination "tteshan won by resignation"]

1. e4 c5 2. Nf3 Nc6 3. d4 cxd4 4. Nxd4 g6 5. Nc3 Bg7 6. Be3 Nf6 7. f3 O-O 8. Bc4 d6 9. Qd2 Bd7 10. h4 h5 11.
O-O-O Ne5 12. Bb3 Rc8 13. Bh6 Nc4 14. Bxc4 Rxc4 15. Bxg7 Kxg7 16. g4 hxg4 17. h5 Rh8 18. h6+ Kh7 19. f4 Qa5 20. Nb3 Qc7 21. e5 dxe5 22. fxe5 Qxe5 23. Rhe1 Qf4 24. Qxf4 Rxf4 25. Rxe7 Be6 26. Nc5 Re8 27. Rxe8 Nxe8 28. Nxe6 fxe6 29. Rd7+ Kxh6 30. Rxb7 g3 31. Ne2 g2 32. Rb3 Rf2 33. Rh3+ Kg7 34. Rg3 Rxe2 35. Kd1 Rf2 36. c4 Rf1+ 37.
Ke2 g1=Q 38. Rxg1 Rxg1 39. b4 Rg2+ 40. Kd3 Rxa2 41. c5 Nc7 42. Kc4 g5 0-1

[Event "Late-Titled-Tuesday-Blitz-September-05-2023"]
[Site "Chess.com"]
[Date "2023.09.05"]
[Round "1"]
[White "The_Princess_Moon"]
[Black "SCIM"]
[Result "0-1"]
[WhiteElo "2290"]
[BlackElo "2587"]
[TimeControl "180+1"]
[EndTime "14:06:16 PDT"]
[Termination "SCIM won by resignation"]

1. e4 c5 2. Nf3 e6 3. c3 d5 4. e5 Nc6 5. d4 Nge7 6. Be2 cxd4 7. cxd4 Nf5 8. O-O Be7 9. Nc3 O-O 10.
Be3 f6 11. Bf4 Qb6 12. Na4 Qa5 13. Rc1 Bd7 14. exf6 Bxf6 15. Nc5 Bc8 16. Be5 Nxe5 17. Nxe5 Bxe5 18. dxe5 b6 19. Nb3 Qxa2 20. Bd3 Qxb2 21. Rc7 Qxe5 22. Qc2 a5 23. Rc6 a4 24. Nd2 Nd4 25. Qc3 Nxc6 26. Qxc6 Ba6 27. Bxa6 Rxa6 28. Nf3 Qf6 29. Re1 a3 30. Rxe6 a2 31. Qxd5 a1=Q+ 32. Re1+ Kh8 33. h3 Qxe1+ 34. Nxe1 Qxf2+ 0-1

[Event "Late-Titled-Tuesday-Blitz-September-05-2023"]
[Site "Chess.com"]
[Date "2023.09.05"]
[Round "1"]
[White "Dewarfd"]
[Black "Defend1r"]
[Result "0-1"]
[WhiteElo "2181"]
[BlackElo "2540"]
[TimeControl "180+1"]
[EndTime "14:06:16 PDT"]
[Termination "Defend1r won by resignation"]

1. d4 Nf6 2. e3 b6 3. Nf3 Bb7 4.
Be2 e6 5. O-O Be7 6. b3 O-O 7.
Bb2 c5 8. dxc5 bxc5 9. c4 Nc6 10. Nc3 a5 11. Qd2 Qc7 12. Rfd1 Rfd8 13. Nb5 Qb6 14.
Nd6 a4 15. Rab1 axb3 16. axb3 Ra7 17. Nxb7 Rxb7 18. Bc3 Ne4 19. Qc2 Nxc3 20. Qxc3 Nb4 21. Rd2 d6 22. h4 h6 23. Ne1 Ra8 24. Bf3 Bf6 25. Qc1 d5 26. cxd5 exd5 27. Nd3 Na2 28. Qc2 Nc3 29. Rb2 Ra1+ 30. Kh2 Ne4 31. Bxe4 dxe4 32.
Nf4 Bxb2 33. Qxb2 Ra8 34. Nh5 Qg6 35. Nf4 Qg4 36. g3 Rba7 37. Rc2 Qf3 38. Kg1 Ra1+ 39. Rc1 R1a2 0-1

[Event "Late-Titled-Tuesday-Blitz-September-05-2023"]
[Site "Chess.com"]
[Date "2023.09.05"]
[Round "1"]
[White "Stalri"]
[Black "Witik"]
[Result "0-1"]
[WhiteElo "2372"]
[BlackElo "2677"]
[TimeControl "180+1"]
[EndTime "14:06:17 PDT"]
[Termination "Witik won by checkmate"]

1. d4 Nf6 2. c4 g6 3. Nc3 Bg7 4. e4 d6 5. h3 O-O 6. Be3 e5 7. d5 Na6 8. g4 c6 9. Qd2 cxd5 10. cxd5 h5 11. gxh5 Nxh5 12. Nge2 Bd7 13. Rg1 Rc8 14.
Bg2 b5 15. a3 Nc5 16. Rd1 a5 17. b4 Nb3 18. Qd3 a4 19. Bf3 Nf4 20. Nxf4 exf4 21. Nxb5 fxe3 22. fxe3 Qh4+ 23. Ke2 Bxb5 24. Qxb5 Rc2+ 25.
Kd3 Qf2 26. e5 Bxe5 27. Rde1 Rc3+ 28. Ke4 Qxe3+ 29. Rxe3 Nd2# 0-1

[Event "Late-Titled-Tuesday-Blitz-September-05-2023"]
[Site "Chess.com"]
[Date "2023.09.05"]
[Round "1"]
[White "lionheart95"]
[Black "EstudiandoAjedrezRD"]
[Result "1-0"]
[WhiteElo "2551"]
[BlackElo "2216"]
[TimeControl "180+1"]
[EndTime "14:06:18 PDT"]
[Termination "lionheart95 won by checkmate"]

1. Nf3 Nf6 2. g3 g6 3. Bg2 Bg7 4. O-O O-O 5. d4 d5 6. a4 a5 7. Na3 c6 8. c4 Na6 9. Ne5 Ne4 10. cxd5 cxd5 11. Nb5 Nb4 12. Nd3 Bd7 13. Be3 Rc8 14. Nxb4 axb4 15. Qb3 Bxb5 16. axb5 Qd6 17. Rfc1 Rxc1+ 18. Rxc1 Ra8 19. h4 h6 20. Bf4 e5 21. dxe5 Bxe5 22. Bxe5 Qxe5 23. Qxb4 Nxg3 24. Re1 Nf5 25. e4 dxe4 26. Bxe4 Qf4 27. Qc3 Nxh4 28. Bxb7 Rb8 29. Bc6 Qg4+ 30. Qg3 Qb4 31. Qxb8+ Kh7 32. Qe5 Qg4+ 33.
Qg3 Qb4 34. Re4 Qxb2 35. Rxh4 Qc1+ 36. Kh2 Qd2 37. Qf4 Qa2 38. Qxh6+ Kg8 39. Qh8# 1-0

[Event "Late-Titled-Tuesday-Blitz-September-05-2023"]
[Site "Chess.com"]
[Date "2023.09.05"]
[Round "1"]
[White "ridnani2021"]
[Black "Perdomov"]
[Result "1-0"]
[WhiteElo "2539"]
[BlackElo "2175"]
[TimeControl "180+1"]
[EndTime "14:06:18 PDT"]
[Termination "ridnani2021 won by checkmate"]

1. e4 c5 2. Nf3 e6 3. b3 d6 4.
Bb2 Nf6 5. e5 dxe5 6. Nxe5 a6 7.
Be2 Be7 8. O-O O-O 9. Bf3 Qc7 10. Re1 Bd7 11. Nc3 Nc6 12. Nxc6 Bxc6 13. d3 b5 14. Bxc6 Qxc6 15. Ne4 Nxe4 16. Rxe4 f5 17. Re2 Bf6 18. Bxf6 Rxf6 19. Re5 Rd8 20. Qe2 c4 21. dxc4 bxc4 22.
Qxc4 Qxc4 23. bxc4 Rc8 24. c5 Rf7 25. Rb1 Rfc7 26.
Rxe6 Rxc5 27. Rxa6 Rxc2 28. h3 R8c7 29. Rb8+ Kf7 30. Rba8 h6 31. a4 Rc1+ 32. Kh2 R7c2 33. Rb8 Rxf2 34. Rb7+ Kg8 35. Rg6 Kh8 36. Rbxg7 Rcc2 37. Rg8+ Kh7 38. R6g7# 1-0

[Event "Late-Titled-Tuesday-Blitz-September-05-2023"]
[Site "Chess.com"]
[Date "2023.09.05"]
[Round "1"]
[White "ShiroglanTalibov"]
[Black "Tsyhanchuk_Stanislav"]
[Result "1-0"]
[WhiteElo "2779"]
[BlackElo "2419"]
[TimeControl "180+1"]
[EndTime "14:06:20 PDT"]
[Termination "ShiroglanTalibov won by resignation"]

1. e4 c5 2. Nf3 d6 3. d4 cxd4 4.
Nxd4 Nf6 5. Nc3 a6 6. Bd3 e5 7. Nde2 Be7 8. O-O O-O 9. a4 Nbd7 10. h3 Nc5 11. Be3 Be6 12. f4 Nxd3 13. cxd3 exf4 14.
Bxf4 d5 15. e5 Qb6+ 16. d4 Ne4 17. Kh2 Rfd8 18. Qd3 Bf5 19. Qe3 Qxb2 20. Rfb1 Qc2 21. Rxb7 Nxc3 22. Qxc3 Qxe2 23. Rxe7 Be4 24. Qg3 Rac8 25.
e6 Rf8 26. Be5 Bg6 27. Re1 Qd3 28. Re3 Qf5 29. Rf3 Qh5 30. exf7+ Kh8 31. Rf4 Rc2 32. Re8 Rc8 33. Rxc8 1-0

[Event "Late-Titled-Tuesday-Blitz-September-05-2023"]
[Site "Chess.com"]
[Date "2023.09.05"]
[Round "1"]
[White "Chessdude1987"]
[Black "mbojan"]
[Result "0-1"]
[WhiteElo "2436"]
[BlackElo "2834"]
[TimeControl "180+1"]
[EndTime "14:06:22 PDT"]
[Termination "mbojan won on time"]

1. e4 g6 2. d4 Nf6 3. e5 Nh5 4. Be2 d6 5. Nf3 Nc6 6. exd6 cxd6 7. c4 Bg7 8. Nc3 O-O 9. d5 Nb8 10. Be3 Bg4 11. Bd4 Bxd4 12. Qxd4 Nf6 13. O-O Nbd7 14.
h3 Bxf3 15. Bxf3 Qb6 16. Qd2 Ne5 17. Be2 Rac8 18. b3 Qa5 19. Rad1 a6 20. f4 Ned7 21. a4 Qb4 22. Rb1 b5 23. axb5 axb5 24. Rfd1 bxc4 25. Bxc4 Nb6 26. Ne4 Qxd2 27. Nxf6+ exf6 28. Rxd2 Nxc4 29. bxc4 Rxc4 30. Rb6 Rd8 31. g3 Rc3 32. Kf2 Kg7 33. h4 h5 34. Rc6 Ra3 35. Rc7 Rb8 36. Rd7 Rbb3 37. Rxd6 Rf3+ 38. Ke2 Rxg3 39. Rd7 Rg2+ 40. Kd1 Ra1+ 41. Kc2 Ra2+ 42. Kb3 Raxd2 0-1

[Event "Late-Titled-Tuesday-Blitz-September-05-2023"]
[Site "Chess.com"]
[Date "2023.09.05"]
[Round "1"]
[White "BogdanDeac"]
[Black "infinitegiantkiller"]
[Result "1-0"]
[WhiteElo "2994"]
[BlackElo "2489"]
[TimeControl "180+1"]
[EndTime "14:06:23 PDT"]
[Termination "BogdanDeac won by resignation"]

1. b3 Nf6 2. Bb2 g6 3. Nf3 Bg7 4. g3 O-O 5. Bg2 b6 6. Ne5 c6 7.
c4 Bb7 8. O-O d6 9. Nf3 Qc7 10.
d4 e6 11. Nbd2 c5 12. Rc1 Nbd7 13. Re1 Rad8 14. e4 e5 15. d5 a6 16. Qe2 Ne8 17.
h4 f5 18. Ng5 Ndf6 19. Ne6 Qe7 20. exf5 gxf5 21. Bh3 Bc8 22. Nxf8 Qxf8 23. Nf3 h6 24. Qc2 Ng4 25. Nh2 Nxh2 26. Kxh2 f4 27. Bxc8 Rxc8 28.
Rcd1 Rc7 29. Bc1 fxg3+ 30. fxg3 Rf7 31. Kg2 Nf6 32. Rf1 b5 33. Qg6 bxc4 34. bxc4 h5 35. Bg5 Ng4 36. Qe6 Bf6 37. Bxf6 Kh7 38. Qf5+ Kh6 39. Qg5+ Kh7 40. Qxh5+ Nh6 41. Bg5 Rxf1 42. Rxf1 Qb8 43. Qxh6+ 1-0

[Event "Late-Titled-Tuesday-Blitz-September-05-2023"]
[Site "Chess.com"]
[Date "2023.09.05"]
[Round "1"]
[White "Colombiano07"]
[Black "ckgchess"]
[Result "0-1"]
[WhiteElo "2443"]
[BlackElo "2843"]
[TimeControl "180+1"]
[EndTime "14:06:25 PDT"]
[Termination "ckgchess won on time"]

1. d4 Nf6 2. c4 e6 3. Nc3 d5 4. cxd5 exd5 5. Bg5 Be7 6. e3 h6 7. Bxf6 Bxf6 8. Qd2 Bf5 9. Nf3 c6 10. Bd3 Bxd3 11.
Qxd3 Nd7 12. O-O O-O 13. b4 b5 14. a4 a6 15. a5 Be7 16. Rab1 Bd6 17. e4 dxe4 18.
Nxe4 Nf6 19. Rfc1 Re8 20. Nc5 Nd5 21. g3 Qe7 22. Re1 Qa7 23. Ne5 Nxb4 24. Rxb4 Bxe5 25.
Rc1 Rad8 26. Qf3 Bxd4 27. Qxc6 Rc8 28. Qb6 Rxc5 0-1

[Event "Late-Titled-Tuesday-Blitz-September-05-2023"]
[Site "Chess.com"]
[Date "2023.09.05"]
[Round "1"]
[White "rdarruda"]
[Black "KVAIDAN"]
[Result "1/2-1/2"]
[WhiteElo "2542"]
[BlackElo "2238"]
[TimeControl "180+1"]
[EndTime "14:06:25 PDT"]
[Termination "Game drawn - insufficient material"]

1. Nf3 e6 2. d4 f5 3. Bg5 Be7 4. h4 Nf6 5. Nbd2 O-O 6. e3 b6 7. c3 Bb7 8. Qc2 c5 9. Bd3 Nc6 10. O-O-O Rc8 11. dxc5 Bxc5 12. Kb1 Be7 13. Qb3 Na5 14.
Qa4 Nd5 15. Bxe7 Qxe7 16. Nb3 Rxc3 17. Nxa5 bxa5 18. Qxa5 Rc5 19. Qd2 a5 20. Ka1 Nb4 21.
Bb1 Be4 22. Qxd7 Qf6 23. Qd4 Qe7 24. Rc1 Rfc8 25. Rxc5 Rxc5 26. Rd1 Bxb1 27. Qd8+ Kf7 28. Qxe7+ Kxe7 29. Kxb1 h6 30. a3 Nd5 31. Nd4 Nf6 32.
f3 g5 33. hxg5 hxg5 34. Ka2 g4 35. b4 axb4 36. axb4 Rd5 37. Kb3 Kf7 38. Rc1 f4 39. Rc7+ Kg8 40. b5 fxe3 41. b6 Ne8 42. Re7 Nd6 43.
Rxe6 Rxd4 44. Rxe3 Rd5 45. Re6 Rb5+ 46. Ka4 Rxb6 47.
fxg4 Kf7 48. Rh6 Kg7 49. g5 Rc6 50. Kb4 Rc4+ 51. Kb3 Rd4 52. Kc3 Rd1 53. Kc2 Rd5 54. Kc3 Ne4+ 55. Kc4 Rxg5 56. Rh4 Nf6 57. g4 Nxg4 58. Kd4 Kf6 59. Ke4 Kg6 60. Kf4 Nf6 61. Rh3 Rf5+ 62. Ke3 Kg5 63. Rg3+ Ng4+ 64. Ke2 Kf4 65.
Rf3+ Ke4 66. Rxf5 Kxf5 1/2-1/2

[Event "Late-Titled-Tuesday-Blitz-September-05-2023"]
[Site "Chess.com"]
[Date "2023.09.05"]
[Round "1"]
[White "InadaC"]
[Black "guillembaches"]
[Result "0-1"]
[WhiteElo "2143"]
[BlackElo "2531"]
[TimeControl "180+1"]
[EndTime "14:06:26 PDT"]
[Termination "guillembaches won by checkmate"]

1. d4 d5 2. c4 e6 3. Nc3 Nf6 4. cxd5 Nxd5 5. e4 Nxc3 6. bxc3 c5 7. Nf3 cxd4 8. cxd4 Bb4+ 9. Bd2 Bxd2+ 10. Qxd2 O-O 11. Bc4 Nd7 12. O-O b6 13. Rfe1 Bb7 14. Bb3 Rc8 15. Rad1 Re8 16. h3 Qf6 17. Qb4 h6 18. Qd6 Red8 19.
Qb4 Qf4 20. Nd2 Nf6 21. Qe7 Rd7 22. Qb4 Bxe4 23. Ba4 Bc6 24. Bxc6 Rxc6 25. Nf3 Qd6 26. Qb3 Rdc7 27. Ne5 Rc3 28. Qb5 Qd5 29. Qb2 Rc2 30.
Qb3 Rxa2 31. Qg3 Rcc2 32. Rf1 b5 33. Nf3 a5 34. Qb8+ Kh7 35. Ne5 Nd7 36. Qf8 Nxe5 37.
dxe5 Rxf2 38. Rxd5 Rxg2+ 39. Kh1 Rh2+ 40. Kg1 Rag2# 0-1

[Event "Late-Titled-Tuesday-Blitz-September-05-2023"]
[Site "Chess.com"]
[Date "2023.09.05"]
[Round "1"]
[White "Msb2"]
[Black "chessisveryfun1264"]
[Result "1-0"]
[WhiteElo "3091"]
[BlackElo "2503"]
[TimeControl "180+1"]
[EndTime "14:06:27 PDT"]
[Termination "Msb2 won by checkmate"]

1. d4 e6 2. c4 b6 3. a3 Bb7 4. Nc3 f5 5. Bf4 Nf6 6. e3 d6 7. Nf3 Nbd7 8. Ng5 Qe7 9. Nb5 O-O-O 10. Nxa7+ Kb8 11. Qa4 e5 12. c5 dxc5 13. Nc6+ Bxc6 14. Qxc6 Qd6 15. Qxd6 cxd6 16. dxe5 dxe5 17. Bg3 Re8 18. O-O-O h6 19. Nf7 Rh7 20. Bb5 Kc7 21. Nxe5 Rxe5 22. Bxd7 Nxd7 23. Rxd7+ Kxd7 24. Bxe5 Ke6 25. Bc3 g5 26. Rd1 Be7 27. a4 h5 28. Kc2 h4 29.
Kb3 g4 30. Kc4 g3 31. hxg3 hxg3 32. fxg3 Rh2 33. Rd2 Bd6 34. Kb5 Bc7 35. Kc6 Rh7 36. Re2 Bd8 37. e4 Rc7+ 38. Kb5 Rd7 39. exf5+ Kxf5 40. Kc6 Rc7+ 41. Kd6 Rh7 42. Re8 Bc7+ 43. Kc6 Bxg3 44.
Kxb6 Bf2 45. a5 Kf4 46. Rf8+ Kg3 47. a6 Be3 48. Rf3+ Kxg2 49. Rxe3 c4 50. Re4 Rh5 51. Rxc4 Rh6+ 52. Rc6 Rh7 53. Rg6+ Kf3 54. Rg7 Rh6+ 55. Kb7 Rh5 56. a7 Rb5+ 57. Ka6 Rb3 58. a8=Q+ Rb7 59.
Qxb7+ Ke2 60. Qe4+ Kd1 61. Qd3+ Kc1 62. Rg1# 1-0

[Event "Late-Titled-Tuesday-Blitz-September-05-2023"]
[Site "Chess.com"]
[Date "2023.09.05"]
[Round "1"]
[White "Langua_Chess"]
[Black "Parhamov"]
[Result "0-1"]
[WhiteElo "2482"]
[BlackElo "2952"]
[TimeControl "180+1"]
[EndTime "14:06:27 PDT"]
[Termination "Parhamov won on time"]

1. d4 Nf6 2. c4 e6 3. Nc3 d5 4. cxd5 exd5 5. Bg5 Bb4 6. e3 h6 7. Bxf6 Qxf6 8. Qb3 Qd6 9. a3 Bxc3+ 10. Qxc3 O-O 11. Bd3 Nd7 12. Nf3 a5 13. O-O Nf6 14.
Ne5 Ng4 15. Nxg4 Bxg4 16. h3 Bd7 17. Rfc1 c6 18. b4 b6 19. Rab1 Rfb8 20. bxa5 bxa5 21. Rxb8+ Qxb8 22. Rb1 Qd6 23. Rb6 g5 24. g4 Kg7 25.
Ra6 Rb8 26. Qxa5 h5 27. Be2 hxg4 28. hxg4 Rb1+ 29. Kg2 Qh6 0-1

[Event "Late-Titled-Tuesday-Blitz-September-05-2023"]
[Site "Chess.com"]
[Date "2023.09.05"]
[Round "1"]
[White "Jospem"]
[Black "KrokerGuy"]
[Result "1-0"]
[WhiteElo "3041"]
[BlackElo "2495"]
[TimeControl "180+1"]
[EndTime "14:06:28 PDT"]
[Termination "Jospem won by checkmate"]

1. e4 e5 2. Nf3 Nc6 3. Nc3 Nf6 4. h3 d5 5. exd5 Nxd5 6. Bb5 Nxc3 7. bxc3 Bd6 8. O-O O-O 9. d4 exd4 10. cxd4 Ne7 11. Bd3 Bf5 12. c4 c5 13. d5 Qd7 14. Bb2 Ng6 15. Re1 Rfe8 16. Qb3 Nf4 17. Bf1 b6 18. Ne5 Qd8 19. Qg3 Ng6 20. f4 f6 21. Nxg6 Bxg6 22. Qf3 Qd7 23. g4 Rxe1 24. Rxe1 Re8 25. Rxe8+ Qxe8 26. f5 Bf7 27. Kf2 Kf8 28. a3 Qa4 29. Qd3 a6 30. Be2 Be8 31. g5 fxg5 32. Qc3 Qd7 33.
Bg4 h5 34. Bf3 Qxf5 35. Qxg7# 1-0

[Event "Late-Titled-Tuesday-Blitz-September-05-2023"]
[Site "Chess.com"]
[Date "2023.09.05"]
[Round "1"]
[White "JG-17"]
[Black "Defenstrator"]
[Result "1-0"]
[WhiteElo "2608"]
[BlackElo "2310"]
[TimeControl "180+1"]
[EndTime "14:06:28 PDT"]
[Termination "JG-17 won by checkmate"]

1. Nf3 d5 2. d4 Nc6 3. c4 e5 4.
cxd5 Qxd5 5. Nc3 Bb4 6. dxe5 Qxd1+ 7. Kxd1 Bg4 8. Bf4 Nge7 9. e3 Bxf3+ 10. gxf3 Ng6 11.
Bg3 Ngxe5 12. f4 Ng4 13. h3 Bxc3 14. bxc3 Nf6 15. Rb1 Ne4 16. Kc2 O-O-O 17. Bg2 Rd2+ 18. Kc1 Nxg3 19. Kxd2 Nxh1 20. Bxh1 Rd8+ 21. Kc2 Rd6 22. Bf3 f5 23. h4 Na5 24. Rb4 c5 25. Rb5 b6 26.
Be2 Kc7 27. Rb1 Rh6 28. h5 g6 29. Rg1 Nc6 30. hxg6 hxg6 31. Bc4 Ne7 32. Kd3 Rh2 33. Ke2 Kd6 34. Bf7 Rh6 35. a4 Kc7 36. Be8 Kb7 37. Kd3 Ka6 38. Rd1 Rh2 39. Ke2 Ka5 40. Rd7 Ng8 41.
Rxa7# 1-0